 Dungeon Crawl Stone Soup version 0.18-b1-14-g029dad2 (webtiles) character file.

137 Chiseanne the Magician (level 5, 35/35 HPs)
             Began as a Demonspawn Wizard on Apr 30, 2016.
             Was a Follower of Vehumet.
             Quit the game on level 4 of the Dungeon.
             The game lasted 00:06:18 (2978 turns).

Chiseanne the Magician (Demonspawn Wizard)          Turns: 2978, Time: 00:06:19

Health: 35/35      AC:  3    Str:  7    XL:     5   Next: 0%
Magic:  11/11      EV: 15    Int: 20    God:    Vehumet [*.....]
Gold:   132        SH:  0    Dex: 12    Spells: 4 memorised, 4 levels left

rFire  . . .     SeeInvis .     s - +0 short sword
rCold  . . .     Gourm    .     a - +0 robe
rNeg   . . .     Faith    .     (no shield)
rPois  .         Spirit   .     b - +0 hat
rElec  .         Dismiss  .     (no cloak)
rCorr  +         Reflect  .     f - +0 pair of gloves
SustAt .         Harm     .     (no boots)
MR     .....                    (no amulet)
Stlth  ++........               (no ring)
                                k - ring of resist corrosion

@: repel missiles, not resistant to hostile enchantments, unstealthy
A: hooves 1, repulsion field 1, spiny 1
a: Renounce Religion


You were on level 4 of the Dungeon.
You worshipped Vehumet.
Vehumet was aware of your devotion.
You were not hungry.

You visited 1 branch of the dungeon, and saw 4 of its levels.

You collected 132 gold pieces.

Inventory:

Hand Weapons
 s - a +0 short sword (weapon)
Missiles
 e - 50 arrows
 h - 7 javelins
 j - 98 stones (quivered)
 n - 47 sling bullets
 p - 9 poisoned needles
Armour
 a - a +0 robe (worn)
 b - a +0 hat (worn)
 f - a +0 pair of gloves (worn)
Jewellery
 k - a ring of resist corrosion (left hand)
Potions
 g - a potion of brilliance {unknown}
 i - 3 potions of heal wounds
 l - a potion of resistance {unknown}
 q - a potion of might
 r - a potion of lignification
Books
 c - a book of Minor Magic

   Spells                             Type                      Level
   a - Magic Dart                     Conjuration                  1
   b - Blink                          Translocation                2
   c - Call Imp                       Summoning                    2
   d - Repel Missiles                 Charms/Air                   2
   e - Slow                           Hexes                        2
   f - Conjure Flame                  Conjuration/Fire             3
   g - Mephitic Cloud                 Conjuration/Poison/Air       3
Comestibles
 d - 5 bread rations
 m - a meat ration
 t - a chunk of flesh


   Skills:
 * Level 2.9 Dodging
 - Level 1.7 Stealth
 * Level 4.0 Spellcasting
 * Level 2.8 Conjurations
   Level 1.0 Summonings
 - Level 0.8 Translocations


You had 4 spell levels left.
You knew the following spells:

 Your Spells              Type           Power        Failure   Level  Hunger
a - Magic Dart            Conj           ###.         4%          1    None
b - Blink                 Tloc           N/A          17%         2    #......
c - Repel Missiles        Chrm/Air       #.....       21%         2    #......
d - Mephitic Cloud        Conj/Pois/Air  #.......     30%         3    ###....


Dungeon Overview and Level Annotations

Branches:
Dungeon (4/15)
 Temple: D:4-7

Altars:
Dithmenos
Fedhas
Qazlal
Vehumet


Innate Abilities, Weirdness & Mutations

You have large cloven feet.
You are surrounded by a mild repulsion field (EV +2).
You are partially covered in sharp spines.


Message History

No target in view!
No target in view!
No target in view!
No target in view!
No target in view!
No target in view!
No target in view!
No target in view!
You see here a worker ant corpse.
A quokka comes into view.
You see here 7 gold pieces.
You hit the quokka.
The quokka is moderately wounded.
The quokka closely misses you. The quokka is struck by your spines.
You kill the quokka!
Vehumet accepts your kill.
You have reached level 5!
Your demonic ancestry asserts itself...
Your feet thicken and deform.
Are you sure you want to abandon this character and quit the game? (Confirm with "yes".)

.. #. .. .## .....
#.###########.#.#
............#.#.#
#.........#.#.#@##
####........#.#..#
#.####.###.##.##
.#.####.###.##$.#####
............†.........
.#+####<###.###.####..
### #.# ..# #.# #.#
#+# .#


There were no monsters in sight!

Vanquished Creatures
  A worker ant (D:4)
  4 gnolls (D:2)
  2 adders (D:2)
  A worm (D:3)
  3 giant geckos (D:2)
  An orc (D:3)
  4 bats
  4 giant cockroaches (D:1)
  3 hobgoblins
  8 jackals
  2 quokkas
  4 giant newts
  3 goblins
  7 kobolds
  8 rats
55 creatures vanquished.

Notes
Turn   | Place    | Note
--------------------------------------------------------------
     0 | D:1      | Chiseanne the Demonspawn Wizard began the quest for the Orb.
     0 | D:1      | Reached XP level 1. HP: 13/13 MP: 4/4
   282 | D:1      | Gained mutation: You are surrounded by a mild repulsion field (EV +2). [demonic ancestry]
   282 | D:1      | Reached XP level 2. HP: 17/19 MP: 0/6
   520 | D:1      | Learned a level 2 spell: Blink
   523 | D:1      | Learned a level 2 spell: Repel Missiles
  1297 | D:2      | Found a radiant altar of Vehumet.
  1310 | D:2      | Became a worshipper of Vehumet
  1411 | D:2      | Found a shadowy altar of Dithmenos.
  1544 | D:2      | Reached XP level 3. HP: 24/24 MP: 5/7
  1915 | D:2      | Gained mutation: You are partially covered in sharp spines. [demonic ancestry]
  1915 | D:2      | Reached XP level 4. HP: 24/30 MP: 0/9
  2368 | D:3      | Reached * piety under Vehumet
  2368 | D:3      | Offered knowledge of Sting by Vehumet.
  2397 | D:3      | Learned a level 3 spell: Mephitic Cloud
  2864 | D:3      | Found a stormy altar of Qazlal.
  2867 | D:3      | Found a blossoming altar of Fedhas.
  2970 | D:4      | Reached skill level 4 in Spellcasting
  2977 | D:4      | Gained mutation: You have large cloven feet. [demonic ancestry]
  2977 | D:4      | Reached XP level 5. HP: 35/35 MP: 11/11
  2978 | D:4      | Quit the game

Skill      XL: |  1  2  3  4 |
---------------+-------------+-----
Dodging        | 2 |  2.9
Conjurations   | 2 |  2.8
Spellcasting   | 4 |  4.0
Stealth        | |  1.7
Summonings     | |  1.0
Translocations | |  0.8

Action                   |  1- 3 |  4- 6 || total
-------------------------+-------+-------++-------
Melee: Dagger            |    20 |    25 ||    45
       Unarmed           |    13 |       ||    13
       Short sword       |       |    13 ||    13
 Cast: Magic Dart        |    78 |     9 ||    87
       Repel Missiles    |     1 |       ||     1
  Use: Potion            |     1 |       ||     1
       Scroll            |     6 |     6 ||    12
 Stab: Sleeping          |       |     1 ||     1
  Eat: Chunk             |     3 |     3 ||     6
Armor: Robe              |    10 |     3 ||    13
Dodge: Dodged            |    27 |    21 ||    48
